Map: Dusk Towers

Players

Spacepigz - Winner!

  • Race: Zerg Zerg
  • League: Diamond

EiGhT

  • Race: Protoss Protoss
  • League: Diamond

VOD

Have the link to the VOD?

Description

I lose, long game

Time

  • Played on: Jan. 20, 2016, 1:50 a.m.
  • Length: 27:34
Show
View Real Time Build Order
Export as new Build Order

Spacepigz Zerg - Winner!

Build Orders: 3 Hatch before Pool 

Get SALT Encoding   

  12  0:01  Drone  
  13  0:12  Overlord  
  13  0:17  Drone  
  14  0:26  Drone, Extractor  
  15  0:30  Drone  
  16  0:36  Drone  
  17  0:56  Drone  
  18  0:57  Hatchery  
  18  1:03  Drone  
  18  1:22  Hatchery  
  18  1:24  Drone  
  18  1:29  Drone  
  18  1:31  Drone  
  20  1:44  Spawning Pool  
  19  1:47  Drone  
  19  1:51  Drone  
  19  1:54  Extractor  
  20  2:04  Drone  
  21  2:16  Drone x2  
  23  2:25  Drone x2  
  26  2:37  Drone  
  26  2:44  Queen  
  25  2:45  Drone x2  
  25  2:47  Zergling x4  
  25  2:48  Zergling x2  
  32  2:52  Spine Crawler  
  32  2:53  Drone  
  32  2:55  Overlord  
  32  3:01  Queen  
  34  3:13  Overlord, Queen  
  34  3:15  Drone  
  34  3:16  Drone x2  
  39  3:23  Queen  
  39  3:26  Drone  
  42  3:30  Metabolic Boost  
  42  3:33  Drone x2  
  44  3:37  Overlord  
  44  3:43  Drone x3  
  44  3:46  Drone  
  48  3:48  Overlord  
  48  3:52  Drone x2  
  50  3:56  Drone  
  51  4:05  Spore Crawler  
  51  4:06  Drone  
  51  4:08  Lair, Extractor  
  50  4:12  Drone x2, Extractor  
  50  4:13  Drone  
  50  4:15  Drone x2  
  50  4:16  Drone, Extractor  
  54  4:17  Drone  
  55  4:25  Evolution Chamber  
  55  4:27  Evolution Chamber  
  50  4:42  Drone  
  50  4:43  Drone x5  
  56  4:46  Spore Crawler  
  56  4:49  Drone x4, Spore Crawler  
  58  4:53  Zerg Missile Weapons Level 1  
  58  4:54  Zerg Ground Armor Level 1  
  58  4:59  Drone, Roach Warren  
  58  5:01  Drone  
  59  5:09  Drone x5  
  64  5:36  Drone x2  
  64  5:38  Overlord x2  
  64  5:41  Glial Reconstitution, Extractor  
  65  5:43  Hatchery  
  65  5:45  Hydralisk Den  
  65  5:48  Spore Crawler  
  62  5:58  Drone x2  
  62  5:59  Drone x2  
  62  6:00  Overlord x2  
  66  6:08  Hatchery  
  65  6:12  Drone  
  65  6:13  Drone x7  
  65  6:16  Muscular Augments  
  73  6:20  Spore Crawler  
  73  6:22  Drone x4  
  73  6:25  Extractor  
  75  6:40  Roach  
  75  6:41  Roach x6  
  75  6:44  Overlord  
  75  6:45  Overlord x2  
  89  6:54  Overlord x2  
  89  7:00  Roach x3  
  95  7:05  Overseer, Roach x2  
  95  7:06  Roach x4  
  107  7:11  Hydralisk x5  
  115  7:16  Overlord  
  115  7:24  Hydralisk x5, Roach  
  125  7:30  Hydralisk x2  
  125  7:31  Zerg Missile Weapons Level 2  
  127  7:39  Zergling x2  
  127  7:40  Zergling x8  
  126  8:02  Roach x4  
  126  8:03  Roach x5  
  138  8:11  Zerg Ground Armor Level 2  
  138  8:18  Queen  
  140  8:25  Hatchery  
  137  8:28  Overlord x3  
  137  8:29  Overlord  
  137  8:30  Overlord x2  
  137  8:38  Overseer  
  137  8:48  Drone x2  
  137  8:49  Drone x4  
  143  8:56  Overlord  
  143  9:00  Lurker Den  
  143  9:06  Hydralisk x2  
  143  9:07  Hydralisk x2, Roach x2  
  143  9:08  Roach x3  
  161  9:13  Hatchery  
  161  9:14  Overlord  
  161  9:15  Zergling x8  
  164  9:20  Ravager x5  
  164  9:21  Ravager x3  
  172  9:24  Roach x2  
  176  9:42  Zergling x6  
  176  9:43  Zergling x24  
  176  9:44  Overseer  
  191  9:46  Pneumatized Carapace  
  191  9:49  Burrow  
  191  9:53  Zergling x2  
  191  9:54  Roach x2  
  191  9:56  Overlord, Extractor  
  195  10:00  Extractor  
  185  10:32  Hydralisk x2  
  185  10:33  Hydralisk x5, Roach x5  
  185  10:34  Roach x4  
  191  10:52  Hydralisk x2  
  191  10:53  Roach x2  
  199  10:57  Infestation Pit  
  199  10:58  Spire  
  191  11:20  Roach x4  
  191  11:22  Overlord x2  
  199  11:30  Drone  
  200  11:39  Overseer  
  200  11:41  Overseer x2  
  200  11:43  Spine Crawler  
  200  11:44  Hive, Spore Crawler x2, Spine Crawler  
  196  12:05  Ravager x4  
  196  12:06  Hatchery  
  199  12:17  Hatchery  
  145  12:52  Hydralisk x3  
  145  12:53  Hydralisk x6, Roach x4  
  145  12:54  Hydralisk x5, Roach x6  
  145  12:55  Roach x3  
  199  13:03  Ravager  
  200  13:11  Spore Crawler  
  200  13:12  Spine Crawler  
  198  13:15  Spine Crawler  
  197  13:22  Greater Spire  
  197  13:24  Zerg Missile Weapons Level 3  
  197  13:25  Zerg Ground Armor Level 3  
  197  13:28  Viper  
  197  13:34  Extractor  
  199  13:35  Spine Crawler x2  
  199  13:38  Extractor  
  196  13:52  Viper x5  
  198  13:55  Roach  
  198  13:56  Roach  
  195  14:49  Extractor  
  194  14:52  Extractor  
  193  15:00  Zergling x10  
  193  15:01  Zergling x4  
  200  15:11  Roach x2  
  200  15:12  Roach x10  
  193  15:31  Hydralisk x2  
  193  15:32  Roach  
  199  15:41  Overlord x2  
  199  16:10  Ravager  
  200  16:15  Spine Crawler  
  200  16:16  Spine Crawler x2  
  176  16:40  Hydralisk x4  
  176  16:41  Hydralisk x2, Roach x5  
  174  17:02  Corruptor x2  
  174  17:03  Corruptor x7  
  192  17:12  Spine Crawler  
  191  17:16  Drone  
  192  17:44  Brood Lord x2  
  192  17:45  Brood Lord x2  
  200  17:53  Spine Crawler x2  
  198  18:03  Drone x2  
  139  18:43  Hydralisk x5, Roach  
  139  18:44  Roach x4  
  139  18:48  Hydralisk  
  136  18:50  Roach  
  124  19:05  Drone  
  124  19:06  Drone x6  
  131  19:18  Lurker  
  131  19:21  Lurker x5  
  131  19:22  Lurker  
  138  19:24  Lurker  
  139  19:33  Drone x3  
  142  19:48  Hydralisk x4  
  145  20:08  Corruptor x4  
  153  20:18  Hydralisk x4  
  153  20:19  Hydralisk  
  163  20:26  Brood Lord  
  163  20:27  Brood Lord  
  167  20:32  Drone x2  
  167  20:34  Drone x2  
  167  20:35  Drone x3  
  174  21:01  Lurker  
  174  21:02  Lurker x6  
  181  21:04  Ravager  
  181  21:05  Ravager x6  
  181  21:06  Ravager  
  161  22:04  Corruptor x4  
  161  22:05  Corruptor x2  
  161  22:06  Zergling x2  
  161  22:07  Zergling x46  
  161  22:08  Zergling x6  
  185  22:25  Zergling x24  
  185  22:26  Zergling x6  
  194  22:31  Zergling x2  
  187  22:42  Zergling x22  
  187  22:43  Zergling x6  
  182  22:57  Brood Lord x3  
  186  22:59  Brood Lord  
  186  23:00  Zergling x2  
  186  23:01  Zergling x12  
  193  23:16  Queen  
  195  23:21  Hatchery  
  190  23:36  Zerg Melee Weapons Level 1  
  190  23:38  Adrenal Glands  
  190  23:49  Hydralisk  
  190  23:50  Hydralisk x3  
  196  24:22  Hydralisk x5  
  198  24:34  Zergling x2  
  198  24:35  Zergling x6  
  195  24:45  Viper x4  
  187  24:50  Zergling x20  
  181  25:00  Corruptor  
  179  25:07  Hydralisk x3  
  179  25:08  Hydralisk x2, Roach  
  179  25:09  Zergling x2  
  179  25:10  Zergling x16  
  198  25:19  Extractor  
  195  25:21  Extractor  
  195  25:22  Lurker  
  195  25:23  Lurker  
  190  25:42  Zergling x2  
  172  26:03  Hydralisk x3  
  172  26:04  Hydralisk x5  
  169  26:05  Hydralisk x2, Roach x5  
  185  26:20  Lurker x3  
  185  26:22  Zergling x18  
  185  26:23  Zergling x6  
  197  26:26  Spine Crawler  
  197  26:28  Spore Crawler, Spine Crawler x2  
  197  26:29  Spine Crawler  
  186  26:36  Corruptor x2  
  186  26:37  Corruptor  
  185  26:59  Roach x6  
Show
View Real Time Build Order
Export as new Build Order

EiGhT Protoss 

Build Orders: Double Forge, Nexus First 

Get SALT Encoding   

  12  0:00  Probe (Chrono Boost)  
  13  0:11  Probe (Chrono Boost)  
  14  0:17  Pylon  
  14  0:22  Probe (Chrono Boost)  
  16  0:35  Probe (Chrono Boost)  
  16  0:46  Probe (Chrono Boost)  
  17  0:58  Nexus  
  17  1:07  Gateway  
  17  1:12  Probe (Chrono Boost)  
  18  1:18  Assimilator  
  18  1:23  Probe (Chrono Boost)  
  18  1:24  Assimilator  
  19  1:30  Pylon  
  19  1:33  Probe (Chrono Boost)  
  20  1:44  Probe (Chrono Boost)  
  21  1:54  Probe (Chrono Boost)  
  21  2:04  Cybernetics Core  
  21  2:05  Probe (Chrono Boost)  
  22  2:11  Probe (Chrono Boost)  
  23  2:16  Probe (Chrono Boost)  
  23  2:19  Zealot  
  26  2:26  Probe (Chrono Boost)  
  26  2:28  Probe (Chrono Boost)  
  28  2:37  Probe (Chrono Boost)  
  29  2:40  Probe (Chrono Boost)  
  30  2:47  Probe (Chrono Boost)  
  30  2:50  Probe (Chrono Boost)  
  32  2:53  Stargate, Warp Gate (Chrono Boost)  
  32  2:58  Probe  
  33  2:59  Probe  
  33  3:03  Adept  
  36  3:10  Probe x2  
  38  3:21  Mothership Core  
  38  3:22  Probe, Pylon  
  40  3:31  Forge  
  41  3:34  Probe  
  41  3:41  Probe, Forge  
  41  3:44  Gateway  
  41  3:46  Probe  
  43  3:52  Probe  
  44  3:58  Probe  
  45  4:03  Probe, Assimilator  
  45  4:05  Pylon  
  45  4:07  Assimilator  
  45  4:08  Protoss Ground Weapons Level 1 (Chrono Boost)  
  46  4:10  Probe  
  46  4:12  Oracle (Chrono Boost)  
  46  4:15  Probe  
  51  4:22  Probe  
  52  4:27  Probe  
  51  4:34  Probe  
  52  4:39  Probe  
  53  4:46  Probe  
  53  4:51  Probe  
  55  4:53  Stalker  
  55  4:54  Stalker  
  55  4:58  Probe  
  60  5:00  Nexus  
  60  5:01  Pylon  
  60  5:02  Gateway x2  
  60  5:03  Probe  
  60  5:04  Pylon  
  61  5:11  Probe  
  62  5:19  Probe  
  63  5:23  Probe  
  64  5:31  Probe  
  64  5:35  Probe  
  66  5:38  Stalker  
  66  5:39  Stalker  
  70  5:43  Probe, Gateway  
  70  5:45  Gateway  
  70  5:46  Gateway  
  70  5:47  Probe  
  72  5:50  Pylon  
  72  5:51  Gateway  
  72  5:54  Pylon  
  72  5:55  Probe  
  73  5:59  Probe  
  73  6:00  Void Ray (Chrono Boost)  
  73  6:04  Robotics Facility  
  78  6:06  Protoss Ground Armor Level 1  
  78  6:08  Probe  
  79  6:11  Probe  
  79  6:12  Sentry x2  
  79  6:15  Sentry  
  79  6:16  Sentry  
  88  6:20  Probe  
  88  6:23  Probe x2  
  91  6:33  Probe  
  91  6:38  Stalker x3  
  91  6:39  Stalker  
  100  6:46  Probe  
  101  6:49  Assimilator  
  101  6:52  Assimilator  
  101  6:55  Observer  
  101  6:57  Void Ray (Chrono Boost)  
  106  7:13  Stalker  
  106  7:15  Probe  
  109  7:22  Pylon  
  109  7:24  Pylon  
  109  7:26  Pylon  
  109  7:27  Nexus  
  109  7:30  Pylon  
  109  7:33  Pylon  
  109  7:38  Probe  
  109  7:40  Probe x2  
  109  7:42  Immortal  
  109  7:43  Pylon  
  116  7:47  Robotics Bay  
  116  7:49  Probe  
  109  7:52  Probe x2  
  103  8:07  Stalker x5  
  103  8:08  Stalker x3  
  103  8:11  Pylon  
  116  8:28  Probe x2  
  116  8:30  Gateway  
  116  8:32  Gateway  
  116  8:33  Gateway  
  118  8:37  Gateway  
  118  8:38  Gateway  
  118  8:39  Stalker x4  
  118  8:40  Stalker x2  
  118  8:41  Gateway  
  130  8:42  Disruptor  
  130  8:44  Pylon x2  
  130  8:46  Protoss Shields Level 1, Pylon  
  133  8:49  Twilight Council  
  133  8:53  Robotics Facility  
  133  9:19  Pylon  
  133  9:21  Stalker x5  
  133  9:22  Stalker x3  
  149  9:26  Probe x2  
  149  9:28  Assimilator  
  151  9:32  Assimilator  
  151  9:45  Observer, Disruptor  
  155  9:54  Void Ray (Chrono Boost)  
  159  10:04  Stalker  
  159  10:05  Stalker x10  
  159  10:06  Stalker x2  
  125  10:44  Stalker x2  
  125  10:45  Stalker x7  
  125  10:46  Stalker x3  
  147  10:50  Observer  
  147  10:56  Disruptor (Chrono Boost)  
  129  11:14  Disruptor (Chrono Boost)  
  132  11:20  Probe  
  132  11:25  Zealot x5  
  135  11:26  Disruptor (Chrono Boost), Zealot x9  
  164  11:33  Charge (Chrono Boost)  
  164  11:34  Protoss Ground Weapons Level 2  
  164  11:56  Disruptor  
  164  12:00  Disruptor  
  170  12:06  Adept x5  
  178  12:24  Nexus  
  178  12:26  Pylon  
  178  12:28  Pylon  
  165  12:31  Pylon  
  159  12:53  Probe x2  
  159  12:56  Mothership Core  
  159  12:58  Gateway, Pylon  
  161  12:59  Pylon  
  161  13:00  Gateway, Adept  
  161  13:01  Adept x3  
  161  13:03  Probe  
  161  13:04  Gateway  
  172  13:11  Disruptor  
  172  13:12  Pylon  
  172  13:14  Pylon  
  172  13:16  Disruptor, Pylon  
  172  13:17  Gateway x2  
  172  13:18  Pylon  
  172  13:19  Gateway  
  178  13:26  Pylon  
  178  13:29  Pylon  
  178  13:31  Pylon  
  178  13:48  Disruptor  
  178  13:51  Disruptor  
  178  13:54  Stalker x5  
  178  13:55  Stalker x3  
  198  14:49  Gateway  
  198  14:50  Gateway  
  198  14:54  Gateway  
  198  14:55  Gateway  
  198  14:58  Pylon  
  198  15:06  Nexus  
  198  15:08  Disruptor  
  198  15:09  Pylon  
  198  15:10  Pylon  
  198  15:12  Disruptor  
  198  15:13  Pylon  
  199  15:16  Assimilator  
  199  15:20  Assimilator  
  195  15:42  Assimilator  
  195  15:46  Assimilator  
  195  15:52  Pylon  
  195  15:53  Pylon  
  195  15:56  Pylon  
  191  16:11  Observer  
  191  16:13  Observer  
  191  16:15  Void Ray  
  191  16:17  Stalker  
  199  16:43  Protoss Shields Level 2  
  195  16:48  Blink (Chrono Boost)  
  190  17:03  Stalker  
  190  17:04  Stalker x4  
  200  17:15  Gateway  
  200  17:16  Gateway  
  200  17:18  Gateway  
  200  17:21  Templar Archives, Fleet Beacon  
  200  17:23  Gateway  
  200  17:25  Gateway, Dark Shrine  
  200  17:30  Gateway  
  194  17:40  Stalker  
  194  17:41  Stalker x2  
  200  17:45  Robotics Facility  
  200  17:46  Robotics Facility  
  119  19:01  Stalker x2  
  119  19:02  Stalker x16  
  142  19:03  Stalker x3  
  148  19:11  Disruptor  
  148  19:14  Disruptor x2  
  148  19:15  Disruptor  
  158  19:20  Psionic Storm  
  158  19:24  Anion Pulse-Crystals  
  158  19:26  Protoss Ground Weapons Level 3  
  158  19:29  Resonating Glaives (Chrono Boost)  
  158  19:34  Forge  
  158  19:38  Forge  
  158  19:42  Disruptor  
  158  19:47  Stalker  
  158  19:48  Stalker x11  
  158  19:49  Stalker x7  
  199  20:26  Nexus  
  199  20:28  Graviton Catapult  
  199  20:55  Stargate  
  199  20:57  Stargate  
  199  20:58  Stargate  
  199  21:01  Protoss Ground Armor Level 2  
  199  21:02  Protoss Shields Level 3  
  199  21:17  Pylon  
  198  21:20  Pylon  
  198  21:22  Pylon  
  176  22:39  Stalker  
  176  22:40  Stalker x7  
  176  22:41  Stalker x3  
  190  22:48  Tempest  
  192  22:53  Protoss Air Weapons Level 1  
  192  23:15  Tempest, Oracle  
  195  23:50  Tempest  
  175  24:20  Observer  
  175  24:22  Observer  
  175  24:23  Observer x2  
  167  24:25  Tempest x3  
  177  24:33  Tempest  
  169  24:44  Observer  
  169  24:45  Zealot x6  
  164  24:46  Zealot x5  
  164  24:47  Zealot x4  
  160  25:01  Stalker x4  
  160  25:02  Stalker x5  
  162  25:12  Mothership Core  
  143  25:25  Stalker x8  
  143  25:26  Stalker x6  
  143  25:27  Stalker x6  
  164  25:45  Stalker x5  
  164  25:46  Stalker x2  
  140  25:50  Observer  
  140  25:51  Observer x2  
  140  25:54  Oracle x2  
  137  26:03  Zealot x7  
  137  26:04  Zealot x6  
  141  26:05  Zealot x6  
  140  26:16  High Templar  
  103  26:31  Zealot x10  
  103  26:32  Zealot  
  53  26:56  Sentry x3  
  58  27:04  Zealot x3  
  58  27:05  Zealot  
Tags
 
Add a new tag
Caveats
  • Supply blocks, unpowered buildings, or Contaminate may cause inaccurate times.
  • Supply counts are checked every 10 seconds.